[Event "Titled Tuesday Blitz February 28 Early 2023"]
[White "Gutkin, Ilya"]
[Black "Marin Ramirez, Gerardo"]
[WhiteFideId "16203470"]
[BlackFideId "3901068"]
[WhiteElo "2265"]
[BlackElo "1997"]
[Result "1-0"]
[Round "03"]
[TimeControl "180+2"]
[Date "2023.02.28"]
[WhiteClock "0:02:17"]
[BlackClock "0:01:25"]

1. e4 c5 2. Nf3 d6 3. Bb5+ Bd7 4. Bxd7+ Qxd7 5. O-O d5 6. exd5 Qxd5 7. Nc3 Qh5 8. d4 e6 9. d5 exd5 10. Nxd5 Bd6 11. Re1+ Kd7 12. Ne5+ Qxe5 13. Rxe5 Bxe5 14. Nb6+ Kc6 15. Nxa8 1-0


[Site "https://www.chess.com"]

[Event "Titled Tuesday Blitz February 28 Early 2023"]
[White "Coelho, Ramyres Santana"]
[Black "Hertlein, Irena"]
[WhiteFideId "2120690"]
[BlackFideId "21817618"]
[WhiteElo "1888"]
[BlackElo "1776"]
[Result "0-1"]
[Round "03"]
[TimeControl "180+2"]
[Date "2023.02.28"]
[WhiteClock "0:00:13"]
[BlackClock "0:00:26"]

1. e4 c5 2. Nf3 e6 3. d4 cxd4 4. c3 dxc3 5. Nxc3 Nc6 6. Bc4 a6 7. O-O b5 8. Bb3 Na5 9. Bc2 Bb7 10. Qe2 Rc8 11. Rd1 Bc5 12. Ne5 Nf6 13. Bg5 d6 14. a3 Nc6 15. Ng4 Nd4 16. Rxd4 Bxd4 17. Rd1 e5 18. Nd5 Bxd5 19. exd5 h6 20. Bxf6 gxf6 21. Rxd4 Rxc2 22. Qxc2 exd4 23. Qe4+ Qe7 24. Nxf6+ Kd8 25. Qxe7+ Kxe7 26. Nh5 Rc8 27. Kf1 Rc1+ 28. Ke2 Rc2+ 29. Kd3 Rxb2 30. Ng3 Ra2 31. Kxd4 Rxa3 32. Nf5+ Kd7 33. Nxh6 Ra2 34. g4 Rxf2 35. h4 a5 36. Ke3 Rf1 37. Nf5 a4 38. h5 a3 39. h6 Rh1 40. g5 a2 41. Ng3 Rh3 42. Kf4 a1=Q 43. Kg4 Rh2 44. Nh5 Qd4+ 45. Kf5 Rxh5 46. h7 Rxh7 47. g6 fxg6+ 48. Kxg6 Qg7+ 49. Kf5 Qf7+ 50. Kg4 Rg7+ 0-1


[Site "https://www.chess.com"]

[Event "Titled Tuesday Blitz February 28 Early 2023"]
[White "Vaglio Munoz, Jaime"]
[Black "lisjakzlatko1"]
[WhiteFideId "6500145"]
[WhiteElo "2199"]
[BlackElo "2159"]
[Result "1-0"]
[Round "03"]
[TimeControl "180+2"]
[Date "2023.02.28"]
[WhiteClock "0:01:27"]
[BlackClock "0:00:04"]

1. d4 d6 2. e4 Nf6 3. Nc3 c6 4. Bc4 Qa5 5. Bd2 Qb6 6. Nf3 Qxb2 7. e5 d5 8. Bb3 Ne4 9. Nxe4 dxe4 10. Ng5 e6 11. c3 Qa3 12. Nxe4 Be7 13. Qg4 g6 14. Bg5 h5 15. Qf4 Nd7 16. O-O b6 17. Rfe1 h4 18. Re3 Rh5 19. Rf3 Rxg5 20. Nxg5 Bxg5 21. Qxg5 Qe7 22. Qh6 Nf8 23. Re1 Bd7 24. c4 O-O-O 25. a4 Be8 26. Qd2 c5 27. d5 exd5 28. cxd5 1-0


[Site "https://www.chess.com"]

[Event "Titled Tuesday Blitz February 28 Early 2023"]
[White "Kiseleva, Arina"]
[Black "Valle Maytin, Luis Enrique"]
[WhiteFideId "4164989"]
[BlackFideId "3503666"]
[WhiteElo "1756"]
[BlackElo "2225"]
[Result "1-0"]
[Round "03"]
[TimeControl "180+2"]
[Date "2023.02.28"]
[WhiteClock "0:00:05"]
[BlackClock "0:00:03"]

1. d4 Nf6 2. Nf3 e6 3. e3 d5 4. Bd3 b6 5. Nbd2 Bd6 6. b3 Bb7 7. Bb2 Nbd7 8. Ne5 Bxe5 9. dxe5 Ne4 10. O-O Nxd2 11. Qxd2 h5 12. f4 Qe7 13. a4 Rg8 14. a5 a6 15. axb6 cxb6 16. Ba3 Qh4 17. Bd6 Qg4 18. Rf3 h4 19. f5 d4 20. Rf4 dxe3 21. Rxg4 exd2 22. fxe6 fxe6 23. Bg6+ Kd8 24. Rd1 Bd5 25. c4 Bc6 26. Rxd2 Kc8 27. Rxh4 Kb7 28. Bb4 Rh8 29. Rf4 a5 30. Bc3 Raf8 31. Rdf2 Rxf4 32. Rxf4 Kc7 33. Rf7 Rg8 34. h4 Kd8 35. h5 Kc8 36. g4 Nc5 37. Bc2 Be8 38. Ra7 Kb8 39. Re7 Bc6 40. Bd4 Nd7 41. Rxe6 Kc7 42. Re7 Kd8 43. Rf7 Ke8 44. e6 Nb8 45. Rc7 Kd8 46. Ra7 Kc8 47. e7 Nd7 48. Bf5 Re8 49. Ra8+ Bxa8 50. c5 Rxe7 51. cxb6 Bb7 52. Kf2 Rf7 53. Kg3 Kd8 54. Kf4 Nf6 55. g5 Nd5+ 56. Kg4 Rf6 57. gxf6 gxf6 58. h6 Ne7 59. h7 Nxf5 60. Kxf5 Be4+ 61. Kxe4 1-0


[Site "https://www.chess.com"]

[Event "Titled Tuesday Blitz February 28 Early 2023"]
[White "Tarnowska, Aleksandra"]
[Black "Andreev, Konstantin"]
[WhiteFideId "1180967"]
[BlackFideId "24239305"]
[WhiteElo "1776"]
[BlackElo "2106"]
[Result "0-1"]
[Round "03"]
[TimeControl "180+2"]
[Date "2023.02.28"]
[WhiteClock "0:00:05"]
[BlackClock "0:01:28"]

1. e4 c5 2. Nf3 e6 3. d4 cxd4 4. Nxd4 Nc6 5. Nb3 a6 6. Be2 Nf6 7. Bf3 b5 8. O-O Qc7 9. Nc3 Bb7 10. Re1 Ne5 11. Bf4 d6 12. Qe2 Be7 13. Rad1 O-O 14. a3 Nc4 15. e5 dxe5 16. Bxe5 Qc8 17. Bxb7 Qxb7 18. Rb1 Rac8 19. Nd2 Nxe5 20. Qxe5 Rfd8 21. Nf3 Nd5 22. Nxd5 Rxd5 23. Qe4 Qd7 24. c3 Bc5 25. Ne5 Qd6 26. Nf3 Rd8 27. h3 Bb6 28. Qe2 h6 29. Qe4 Qc5 30. Qe2 a5 31. Nd4 a4 32. Rbd1 e5 33. Nf3 Rxd1 34. Rxd1 Rxd1+ 35. Qxd1 Qxf2+ 36. Kh1 e4 37. Nh2 e3 38. Ng4 Qxb2 39. Qe1 e2 40. Kh2 Bc7+ 41. g3 Qc2 42. Nf2 Bb6 43. Kg2 Qa2 44. g4 Qd5+ 45. Kg1 Qf3 46. Kh2 Qxf2+ 47. Qxf2 Bxf2 0-1


[Site "https://www.chess.com"]

[Event "Titled Tuesday Blitz February 28 Early 2023"]
[White "Vasques, Antonio Pedro Freixial"]
[Black "Sailer, Mike"]
[WhiteFideId "1908332"]
[BlackFideId "2012901"]
[WhiteElo "2212"]
[BlackElo "2109"]
[Result "0-1"]
[Round "03"]
[TimeControl "180+2"]
[Date "2023.02.28"]
[WhiteClock "0:00:13"]
[BlackClock "0:00:09"]

1. Nf3 d5 2. g3 Nf6 3. Bg2 Bf5 4. O-O e6 5. c4 c6 6. d3 Be7 7. Nc3 O-O 8. Be3 Nbd7 9. Qb3 b6 10. Nd4 Nc5 11. Qd1 Rc8 12. Nxf5 exf5 13. cxd5 Nxd5 14. Nxd5 cxd5 15. b4 Ne6 16. Qb3 d4 17. Bd2 Qd6 18. Rfc1 f4 19. Rc4 fxg3 20. hxg3 Rxc4 21. Qxc4 Kh8 22. Rc1 f5 23. Bd5 Ng5 24. Qxd4 Bf6 25. Qc4 h6 26. Bxg5 Bxg5 27. f4 Be7 28. a3 Bf6 29. Bf3 Bb2 30. Qc6 Qd4+ 31. Kg2 Bxc1 32. Qxc1 Re8 33. Qc6 Qe3 34. Qg6 Rc8 35. Qxf5 Qe8 36. Be4 Kg8 37. Qh7+ Kf8 38. Qh8+ Kf7 39. Qxg7+ Kxg7 0-1


[Site "https://www.chess.com"]

[Event "Titled Tuesday Blitz February 28 Early 2023"]
[White "Carrasco Miranda, Andres"]
[Black "Michalski, Olaf"]
[WhiteFideId "3405990"]
[BlackFideId "1106740"]
[WhiteElo "2183"]
[BlackElo "2173"]
[Result "1/2-1/2"]
[Round "03"]
[TimeControl "180+2"]
[Date "2023.02.28"]
[WhiteClock "0:00:21"]
[BlackClock "0:00:04"]

1. d4 d6 2. Nf3 Bg4 3. c4 Bxf3 4. exf3 e5 5. dxe5 dxe5 6. Qxd8+ Kxd8 7. f4 Bb4+ 8. Nc3 Nc6 9. fxe5 Nxe5 10. Bf4 Bxc3+ 11. bxc3 f6 12. O-O-O+ Ke8 13. Bxe5 fxe5 14. Re1 Ne7 15. Rxe5 Kf7 16. c5 Kf6 17. Re3 g6 18. Bc4 Nc6 19. Re6+ Kg7 20. Rhe1 Rhf8 21. R1e2 Rf5 22. Bb5 Rxc5 23. Bxc6 Rxc3+ 24. Kb2 Rxc6 25. Rxc6 bxc6 26. Re7+ Kh6 27. Rxc7 Rb8+ 28. Kc2 Rb6 29. h4 Ra6 30. Kb3 g5 31. hxg5+ Kxg5 32. Rxh7 c5 33. Rc7 Rb6+ 34. Kc4 Rb2 35. Rxc5+ Kf6 36. g4 Rxf2 37. Rf5+ Rxf5 38. gxf5 Kxf5 39. Kb5 Ke6 40. Ka6 Kd5 41. Kxa7 Kc5 42. Ka6 Kb4 43. Kb6 Ka3 44. Kb5 Kxa2 1/2-1/2


[Site "https://www.chess.com"]

[Event "Titled Tuesday Blitz February 28 Early 2023"]
[White "Mushini Ajay"]
[Black "Fabris, Alberto"]
[WhiteFideId "35066188"]
[BlackFideId "801348"]
[WhiteElo "2145"]
[BlackElo "2115"]
[Result "1/2-1/2"]
[Round "03"]
[TimeControl "180+2"]
[Date "2023.02.28"]
[WhiteClock "0:00:10"]
[BlackClock "0:00:33"]

1. e4 c5 2. d4 cxd4 3. c3 d3 4. Bxd3 g6 5. c4 Bg7 6. Nc3 Nc6 7. Nf3 d6 8. h3 Nf6 9. O-O O-O 10. Be3 Na5 11. Rc1 Bd7 12. b4 Nc6 13. a3 Rc8 14. Nd5 b6 15. Re1 Nxd5 16. exd5 Ne5 17. Nxe5 Bxe5 18. Bh6 Re8 19. h4 Qc7 20. h5 Bg7 21. Bxg7 Kxg7 22. Qf3 e5 23. dxe6 Bxe6 24. Qf4 Qe7 25. Re3 Kg8 26. Rce1 Qf8 27. hxg6 hxg6 28. Bxg6 fxg6 29. Qxf8+ Kxf8 30. Rxe6 Rxe6 31. Rxe6 Rxc4 32. Rxd6 Rc3 33. Rxg6 Rxa3 34. b5 Kf7 35. Rg5 a5 36. bxa6 Rxa6 37. Rb5 Ke6 38. f4 Kd6 39. Kf2 Kc6 40. Re5 Ra4 41. Kf3 b5 42. f5 b4 43. f6 Ra7 44. Re7 Rxe7 45. fxe7 Kd7 46. Ke4 Kxe7 47. Kd4 Kf6 48. Kc4 Kg5 49. Kxb4 Kg4 50. g3 Kxg3 1/2-1/2


[Site "https://www.chess.com"]

[Event "Titled Tuesday Blitz February 28 Early 2023"]
[White "Fernandez Garcia, Gumersindo"]
[Black "Bongo Akanga Ndjila, Barthelemy"]
[WhiteFideId "24516740"]
[BlackFideId "10609431"]
[WhiteElo "2093"]
[BlackElo "1768"]
[Result "0-1"]
[Round "03"]
[TimeControl "180+2"]
[Date "2023.02.28"]
[WhiteClock "0:00:13"]
[BlackClock "0:00:22"]

1. e4 e6 2. d4 d5 3. Bd3 Nf6 4. e5 Nfd7 5. c3 c5 6. f4 Nc6 7. Ne2 a6 8. Nd2 f6 9. Nf3 f5 10. Be3 b5 11. g4 fxg4 12. Ng5 cxd4 13. cxd4 Nb6 14. Bxh7 Rxh7 15. Nxh7 Qh4+ 16. Ng3 Qxh7 17. Qxg4 Nc4 18. Kf2 Qc2+ 19. Ne2 Nxe3 20. Kxe3 Qe4+ 21. Kf2 Nxd4 22. Qh5+ g6 23. Qg4 Bc5 24. Nxd4 Bxd4+ 25. Kg3 Bd7 26. Rhe1 Qd3+ 27. Kg2 O-O-O 28. Rac1+ Kb8 29. Re2 Be3 30. Rcc2 d4 31. Qf3 Rh8 32. Rcd2 Qf5 33. Rxe3 dxe3 34. Rxd7 Qc2+ 35. Kf1 e2+ 36. Qxe2 Qc1+ 37. Kg2 Qxf4 38. h3 Rh5 39. Qf3 Rg5+ 40. Kf2 Qh2+ 41. Ke3 Rg3 42. Rd8+ Kc7 43. Rf8 Rxf3+ 44. Rxf3 Qg1+ 45. Kf4 Qd1 46. Rg3 Qd4+ 47. Kf3 Qxe5 48. Rxg6 Qf5+ 0-1


[Site "https://www.chess.com"]

[Event "Titled Tuesday Blitz February 28 Early 2023"]
[White "Rian, Kapriaga"]
[Black "Larina, Maria"]
[WhiteFideId "7103263"]
[BlackFideId "24113182"]
[WhiteElo "2364"]
[BlackElo "1848"]
[Result "1-0"]
[Round "03"]
[TimeControl "180+2"]
[Date "2023.02.28"]
[WhiteClock "0:00:24"]
[BlackClock "0:00:01"]

1. d4 f5 2. Nc3 Nf6 3. Bg5 d5 4. Nf3 Ne4 5. e3 Nxg5 6. Nxg5 e5 7. Nf3 e4 8. Ne5 g6 9. f4 exf3 10. Qxf3 Bg7 11. Nxd5 c6 12. Nf4 Qa5+ 13. c3 Bxe5 14. dxe5 Qxe5 15. O-O-O Be6 16. Bd3 Nd7 17. Rhe1 O-O-O 18. e4 Nc5 19. exf5 Nxd3+ 20. Nxd3 Qxf5 21. Qxf5 Bxf5 22. Ne5 Rxd1+ 23. Rxd1 Rd8 24. Rxd8+ Kxd8 25. Kd2 Ke7 26. Ke3 Ke6 27. Nf3 Bb1 28. a3 h6 29. h4 b6 30. Kf4 c5 31. g4 Kf6 32. g5+ hxg5+ 33. Nxg5 Bc2 34. b4 cxb4 35. cxb4 a5 36. Nf3 axb4 37. axb4 b5 38. Nd4 Ba4 39. Nf3 Bc2 40. Ne5 Ba4 41. Ng4+ Ke6 42. Kg5 Kf7 43. Ne5+ Kg7 44. Nxg6 Bc2 45. Ne5 Be4 46. h5 Kh7 47. h6 Kg8 48. Ng4 Bc2 49. Kf6 Kh7 50. Kg5 Bd1 51. Nf6+ Kh8 52. Kf4 Be2 53. Ke3 Bc4 54. Kd4 1-0


[Site "https://www.chess.com"]

[Event "Titled Tuesday Blitz February 28 Early 2023"]
[White "Todorovic, Bojan"]
[Black "Ricaurte Lopez, Juan Carlos"]
[WhiteFideId "917087"]
[BlackFideId "3600327"]
[WhiteElo "2266"]
[BlackElo "2209"]
[Result "1-0"]
[Round "03"]
[TimeControl "180+2"]
[Date "2023.02.28"]
[WhiteClock "0:01:13"]
[BlackClock "0:00:02"]

1. Nf3 d5 2. g3 Nc6 3. d4 Bg4 4. Bg2 Qd7 5. h3 Bf5 6. c3 h5 7. Nbd2 Nf6 8. Ne5 Nxe5 9. dxe5 Ne4 10. Nxe4 Bxe4 11. Bxe4 dxe4 12. Qb3 O-O-O 13. Be3 Qd5 14. O-O Qxb3 15. axb3 a6 16. e6 f5 17. Bf4 g6 18. Rfd1 Bh6 19. Be5 Rhg8 20. b4 g5 21. Rxd8+ Rxd8 22. b5 1-0


[Site "https://www.chess.com"]

[Event "Titled Tuesday Blitz February 28 Early 2023"]
[White "Seifert, Henryk"]
[Black "Ansh M Shah"]
[WhiteFideId "1100963"]
[BlackFideId "25033379"]
[WhiteElo "2071"]
[BlackElo "2084"]
[Result "0-1"]
[Round "03"]
[TimeControl "180+2"]
[Date "2023.02.28"]
[WhiteClock "0:00:02"]
[BlackClock "0:00:10"]

1. e4 c6 2. d4 d5 3. exd5 cxd5 4. Bd3 Nc6 5. c3 Nf6 6. Bf4 Bg4 7. Qb3 Qd7 8. Nd2 e6 9. Ngf3 Bd6 10. Ne5 Qc7 11. Nxg4 Nxg4 12. Bxd6 Qxd6 13. h3 Nf6 14. O-O O-O 15. Rfe1 a6 16. a4 Na5 17. Qc2 h6 18. b4 Nc6 19. Nb3 Rfc8 20. Nc5 b6 21. Bxa6 bxc5 22. dxc5 Qf4 23. Bxc8 Rxc8 24. b5 Na5 25. c6 Ne4 26. g3 Qd6 27. Qd3 Qc5 28. Rxe4 dxe4 29. Qd7 Rf8 30. c7 e3 31. Qd4 exf2+ 32. Qxf2 Qxc7 0-1


[Site "https://www.chess.com"]

[Event "Titled Tuesday Blitz February 28 Early 2023"]
[White "Kriti Mayur Patel"]
[Black "Jenkins, Drake"]
[WhiteFideId "35061780"]
[BlackFideId "2022397"]
[WhiteElo "1306"]
[BlackElo "2352"]
[Result "0-1"]
[Round "03"]
[TimeControl "180+2"]
[Date "2023.02.28"]
[WhiteClock "0:00:10"]
[BlackClock "0:00:44"]

1. e4 c6 2. d4 d5 3. exd5 cxd5 4. Bd3 Nc6 5. c3 Qc7 6. Ne2 Nf6 7. Bf4 Qb6 8. Na3 a6 9. Qc2 Bg4 10. f3 Bh5 11. O-O e6 12. c4 Bxa3 13. bxa3 Nxd4 14. Nxd4 Qxd4+ 15. Kh1 Qxf4 16. cxd5 Nxd5 17. Qb2 O-O 18. Qxb7 a5 19. Rae1 Bg6 20. Bxg6 hxg6 21. Re4 Qd2 22. Rh4 Rac8 23. Qb1 Ne3 24. Rg1 Nxg2 25. Rg4 Ne3 26. Rxg6 fxg6 27. Qxg6 Rc7 28. Qxe6+ Rcf7 29. Qb3 Qd5 30. Qc3 Qxf3+ 31. Rg2 Qxg2# 0-1


[Site "https://www.chess.com"]

[Event "Titled Tuesday Blitz February 28 Early 2023"]
[White "Tiarks, Jann-Christian"]
[Black "Gutierrez Espinosa, Karen"]
[WhiteFideId "12951595"]
[BlackFideId "3513238"]
[WhiteElo "2194"]
[BlackElo "2017"]
[Result "1-0"]
[Round "03"]
[TimeControl "180+2"]
[Date "2023.02.28"]
[WhiteClock "0:01:22"]
[BlackClock "0:01:41"]

1. e4 c5 2. b4 cxb4 3. a3 bxa3 4. Bxa3 Nc6 5. Nf3 d6 6. d4 Bg4 7. Be2 Bxf3 8. Bxf3 g6 9. O-O Bg7 10. c3 Nf6 11. Qb3 Qd7 12. Re1 O-O 13. e5 dxe5 14. dxe5 Ne8 15. e6 fxe6 16. Rxe6 Nc7 17. Rxe7+ 1-0


[Site "https://www.chess.com"]

[Event "Titled Tuesday Blitz February 28 Early 2023"]
[White "Kalaiyalahan, Akshaya"]
[Black "Llanos, Guillermo"]
[WhiteFideId "422894"]
[BlackFideId "100358"]
[WhiteElo "2043"]
[BlackElo "2225"]
[Result "0-1"]
[Round "03"]
[TimeControl "180+2"]
[Date "2023.02.28"]
[WhiteClock "0:00:41"]
[BlackClock "0:02:23"]

1. Nf3 d5 2. g3 Nc6 3. Bg2 e5 4. d3 Nf6 5. O-O Be7 6. b3 O-O 7. Bb2 Bd6 8. c4 d4 9. Nbd2 h6 10. a3 a5 11. Ne4 Nxe4 12. dxe4 Be6 13. Ne1 a4 14. Nd3 axb3 15. Qxb3 Na5 16. Qc2 Nxc4 17. a4 c5 18. Rfc1 b6 19. Qd1 Na5 0-1


[Site "https://www.chess.com"]

[Event "Titled Tuesday Blitz February 28 Early 2023"]
[White "Sarkar, Justin"]
[Black "Jesusesmifuerza"]
[WhiteFideId "2010011"]
[WhiteElo "2189"]
[BlackElo "1996"]
[Result "0-1"]
[Round "03"]
[TimeControl "180+2"]
[Date "2023.02.28"]
[WhiteClock "0:00:01"]
[BlackClock "0:00:05"]

1. d4 d5 2. c4 e6 3. Nf3 a6 4. cxd5 exd5 5. Qb3 c5 6. Bg5 f6 7. Bf4 Bd6 8. Bxd6 Qxd6 9. Qe3+ Qe6 10. Qxe6+ Bxe6 11. dxc5 Nc6 12. Nc3 Nge7 13. e3 O-O 14. Bd3 Rac8 15. a3 Ne5 16. Nxe5 fxe5 17. Na4 Rc7 18. O-O Bd7 19. Nb6 Bf5 20. Bxf5 Nxf5 21. b4 d4 22. Nd5 Rd7 23. e4 Ne7 24. Nxe7+ Rxe7 25. f3 Rd7 26. Rfd1 Rff7 27. Kf2 Kf8 28. Ke2 g5 29. Kd3 Ke8 30. Rac1 Rc7 31. Kc4 Kd7 32. a4 Re7 33. b5 axb5+ 34. axb5 Re8 35. Kd5 Re7 36. c6+ bxc6+ 37. bxc6+ Kd8 38. Kd6 Ke8 39. Rb1 Kf7 40. Rb8 Re6+ 41. Kd5 Rexc6 42. Kxe5 Rd7 43. Rxd4 Rxd4 44. Kxd4 Rc2 45. Rb7+ Kg6 0-1


[Site "https://www.chess.com"]

[Event "Titled Tuesday Blitz February 28 Early 2023"]
[White "Vargas, Mauricio"]
[Black "Matveeva, Olga"]
[WhiteFideId "4404572"]
[BlackFideId "24107018"]
[WhiteElo "2025"]
[BlackElo "2056"]
[Result "0-1"]
[Round "03"]
[TimeControl "180+2"]
[Date "2023.02.28"]
[WhiteClock "0:00:03"]
[BlackClock "0:01:07"]

1. e4 e6 2. f4 c5 3. e5 Nc6 4. Nf3 d6 5. Bb5 Bd7 6. Bxc6 Bxc6 7. O-O Ne7 8. Nc3 Nf5 9. d3 Be7 10. Qe1 O-O 11. Ne4 dxe5 12. Nxe5 Qd4+ 13. Kh1 Bxe4 14. dxe4 Nd6 15. Be3 Qxe4 16. Nd7 Rfd8 17. Nxc5 Qc6 18. Rc1 Nf5 19. Bf2 Bxc5 20. Bxc5 Qxc5 21. Qe4 Qd5 22. Qb4 Ne3 23. Rf3 Qd1+ 24. Qe1 Qxe1+ 25. Rxe1 Nxc2 26. Ref1 Rac8 27. Rb3 b6 28. Rg3 Nd4 29. Ra3 Rc7 30. Rd3 Kf8 31. Rfd1 Rcd7 32. g4 Ke7 33. f5 exf5 34. gxf5 Nxf5 35. Re1+ Kf6 36. Rf3 Rd1 37. Rxd1 Rxd1+ 38. Kg2 Rd2+ 39. Kh3 Rxb2 40. Kg4 g6 41. h4 h5+ 42. Kh3 Rxa2 43. Rc3 Nd4 0-1


[Site "https://www.chess.com"]

[Event "Titled Tuesday Blitz February 28 Early 2023"]
[White "Lohani, Sujana"]
[Black "Mesa Cruz, Juan Carlos"]
[WhiteFideId "12311987"]
[BlackFideId "6423400"]
[WhiteElo "1718"]
[BlackElo "2119"]
[Result "0-1"]
[Round "03"]
[TimeControl "180+2"]
[Date "2023.02.28"]
[WhiteClock "0:00:03"]
[BlackClock "0:00:06"]

1. d4 Nf6 2. Nf3 e6 3. c4 d5 4. Nc3 Bb4 5. Bd2 O-O 6. e3 b6 7. Bd3 Bb7 8. cxd5 exd5 9. O-O a6 10. Rc1 Bd6 11. Bb1 Re8 12. h3 Nbd7 13. Qc2 c5 14. Rfd1 c4 15. Ne2 b5 16. b3 Rc8 17. bxc4 dxc4 18. a4 c3 19. Bxc3 b4 20. Qb3 Bd5 21. Qb2 bxc3 22. Nxc3 Bxf3 23. gxf3 Qe7 24. Ne4 Rxc1 25. Rxc1 Ba3 26. Qc2 Bxc1 27. Qxc1 Nxe4 28. Bxe4 Qg5+ 29. Kh2 Nf6 30. Bb7 Qf5 31. Qc6 h5 32. Bxa6 Re6 33. Qc8+ Kh7 34. Bb7 g6 35. Qc7 Kg7 36. Kg2 Qg5+ 37. Kh2 h4 38. d5 Re7 39. Qc6 Qf5 40. d6 Re6 41. Bc8 Qe5+ 42. f4 Qxd6 43. Qc3 Re7 44. Bg4 Kh6 45. Kg2 Rc7 46. Qe1 Qc6+ 47. Bf3 Qc3 48. Qb1 Rd7 49. Qb6 Rd2 0-1


[Site "https://www.chess.com"]

[Event "Titled Tuesday Blitz February 28 Early 2023"]
[White "Begunov, Konstantin"]
[Black "Cruz Gomez, Miguel Angel"]
[WhiteFideId "4118510"]
[BlackFideId "5137160"]
[WhiteElo "2118"]
[BlackElo "2126"]
[Result "1-0"]
[Round "03"]
[TimeControl "180+2"]
[Date "2023.02.28"]
[WhiteClock "0:01:01"]
[BlackClock "0:01:52"]

1. d4 Nf6 2. c4 e6 3. Nf3 Bb4+ 4. Nbd2 O-O 5. a3 Bxd2+ 6. Bxd2 d6 7. Bg5 Nc6 8. e3 h6 9. Bh4 Ne7 10. Bxf6 gxf6 11. Nh4 Ng6 12. Qh5 Kh7 13. Bd3 f5 14. Nf3 b6 15. g4 Bb7 16. gxf5 exf5 17. Bxf5 Qf6 18. Rg1 Rae8 19. O-O-O Be4 20. Ng5+ Kg7 21. Nxe4 1-0


[Site "https://www.chess.com"]

[Event "Titled Tuesday Blitz February 28 Early 2023"]
[White "Kozak, Adam"]
[Black "Nakamura, Hikaru"]
[WhiteFideId "753246"]
[BlackFideId "2016192"]
[WhiteElo "2469"]
[BlackElo "2879"]
[Result "0-1"]
[Round "04"]
[TimeControl "180+2"]
[Date "2023.02.28"]
[WhiteClock "0:02:16"]
[BlackClock "0:01:47"]

1. c4 Nf6 2. Nc3 e5 3. Nf3 Nc6 4. e4 Bb4 5. d3 d6 6. a3 Bc5 7. b4 Bb6 8. Be2 Nd4 9. Be3 c5 10. O-O O-O 11. Nd2 Nxe2+ 12. Qxe2 Ng4 13. f4 Nxe3 0-1


[Site "https://www.chess.com"]

[Event "Titled Tuesday Blitz February 28 Early 2023"]
[White "Carlsen, Magnus"]
[Black "Vokhidov, Shamsiddin"]
[WhiteFideId "1503014"]
[BlackFideId "14204223"]
[WhiteElo "2852"]
[BlackElo "2570"]
[Result "1-0"]
[Round "04"]
[TimeControl "180+2"]
[Date "2023.02.28"]
[WhiteClock "0:01:26"]
[BlackClock "0:00:02"]

1. d4 Nf6 2. c4 e6 3. Nf3 d5 4. g3 dxc4 5. Bg2 Nc6 6. O-O Rb8 7. Be3 b5 8. b3 cxb3 9. axb3 a6 10. Qc1 Bb7 11. Rd1 Nb4 12. Ne5 Bxg2 13. Kxg2 Be7 14. Nc3 O-O 15. f3 Nd7 16. Ne4 Nxe5 17. dxe5 Qc8 18. Bc5 Bxc5 19. Nxc5 Rd8 20. Rxd8+ Qxd8 21. Nxa6 Nxa6 22. Rxa6 h6 23. Ra7 Rc8 24. Qc5 Qd5 25. Qxd5 exd5 26. Rb7 c6 27. f4 Ra8 28. Rb6 Ra3 29. Rxc6 Rxb3 30. Rd6 b4 31. Rxd5 Rb1 32. Rb5 b3 33. Kf3 g6 34. Ke4 h5 35. e3 b2 36. Rb7 Kf8 37. e6 fxe6 38. Ke5 Ke8 39. Kxe6 Kd8 40. e4 Kc8 41. Rb3 Kc7 42. e5 Kc6 43. Kf7 g5 44. e6 gxf4 45. e7 1-0


[Site "https://www.chess.com"]

[Event "Titled Tuesday Blitz February 28 Early 2023"]
[White "Mitrabha, Guha"]
[Black "So, Wesley"]
[WhiteFideId "5057000"]
[BlackFideId "5202213"]
[WhiteElo "2520"]
[BlackElo "2739"]
[Result "1-0"]
[Round "04"]
[TimeControl "180+2"]
[Date "2023.02.28"]
[WhiteClock "0:00:26"]
[BlackClock "0:00:21"]

1. d4 Nf6 2. Nf3 d5 3. Bf4 c5 4. e3 Nc6 5. c3 Nh5 6. Be5 f6 7. Bg3 Qb6 8. Qc2 g6 9. Nbd2 Bf5 10. Bd3 Bxd3 11. Qxd3 e6 12. O-O Rd8 13. c4 Qa6 14. Qb3 Nxg3 15. hxg3 cxd4 16. exd4 dxc4 17. Nxc4 Nxd4 18. Nxd4 Rxd4 19. Rac1 Bh6 20. Rfd1 Rxd1+ 21. Rxd1 O-O 22. Rd6 b6 23. Rxe6 Kh8 24. Nd6 Qa5 25. Re7 Qd2 26. Nf7+ Kg7 27. Ng5+ Kh8 28. Rxh7# 1-0


[Site "https://www.chess.com"]

[Event "Titled Tuesday Blitz February 28 Early 2023"]
[White "Caruana, Fabiano"]
[Black "Abdrlauf, Elham"]
[WhiteFideId "2020009"]
[BlackFideId "1533533"]
[WhiteElo "2818"]
[BlackElo "2476"]
[Result "1/2-1/2"]
[Round "04"]
[TimeControl "180+2"]
[Date "2023.02.28"]
[WhiteClock "0:00:28"]
[BlackClock "0:00:07"]

1. d4 Nf6 2. c4 e6 3. Nc3 d5 4. cxd5 exd5 5. Bg5 c6 6. e3 Bd6 7. Bd3 O-O 8. Nge2 Re8 9. Qc2 h6 10. Bh4 a5 11. Bg3 Na6 12. a3 Nc7 13. O-O Ne6 14. Rae1 Ng5 15. Bxd6 Qxd6 16. Ng3 Bd7 17. f3 c5 18. dxc5 Qxc5 19. Qf2 b5 20. h4 Ngh7 21. e4 Qxf2+ 22. Kxf2 dxe4 23. Ngxe4 b4 24. Nxf6+ Nxf6 25. Nb5 bxa3 26. bxa3 Rab8 27. a4 Nd5 28. Rxe8+ Bxe8 29. Re1 Nb6 30. Re7 Nxa4 31. Nd6 Nb2 32. Be4 Kf8 33. Ra7 a4 34. g4 Rd8 35. Nxe8 Rxe8 36. Bd5 Re7 37. Ra8+ Re8 38. Ra7 Re7 39. Ra6 g6 40. Kg3 Kg7 41. Ra8 g5 42. hxg5 hxg5 43. Be4 Rc7 44. Ra5 f6 45. Ra8 Rc3 46. Ra7+ Kf8 47. Bd5 Ke8 48. Ra6 Rc5 49. Bc6+ Ke7 50. Bxa4 Nxa4 51. Rxa4 Rc7 52. Ra6 Kf7 53. Kf2 Re7 54. Ra4 Kg6 55. Ra3 Kf7 56. Re3 Re6 57. Ke2 Ke7 58. Kd3 Kd6 59. Re4 Rxe4 60. Kxe4 Ke6 61. f4 gxf4 62. Kxf4 Kf7 63. Kf5 Kg7 64. g5 fxg5 65. Kxg5 1/2-1/2


[Site "https://www.chess.com"]

[Event "Titled Tuesday Blitz February 28 Early 2023"]
[White "Firouzja, Alireza"]
[Black "Bacrot, Etienne"]
[WhiteFideId "12573981"]
[BlackFideId "605506"]
[WhiteElo "2904"]
[BlackElo "2667"]
[Result "0-1"]
[Round "04"]
[TimeControl "180+2"]
[Date "2023.02.28"]
[WhiteClock "0:00:04"]
[BlackClock "0:00:06"]

1. d4 d5 2. c4 c6 3. Nf3 Nf6 4. Qc2 g6 5. Bf4 Bg7 6. e3 O-O 7. Nc3 a6 8. c5 Bf5 9. Qb3 Qc8 10. h3 Nbd7 11. Be2 Ne4 12. Na4 f6 13. Bh2 e5 14. O-O Rf7 15. Bd3 g5 16. dxe5 Ndxc5 17. Nxc5 Nxc5 18. Bxf5 Qxf5 19. Qa3 Ne6 20. Qc3 g4 21. hxg4 Qxg4 22. exf6 Bxf6 23. Ne5 Bxe5 24. Qxe5 Rg7 25. Bg3 Rf8 26. e4 d4 27. Rad1 Rg5 28. Qd6 Nf4 29. Rfe1 c5 30. b4 Rg6 31. Qxc5 Ne2+ 32. Rxe2 Qxe2 33. Qd5+ Rf7 34. Qd8+ Rf8 35. Qxd4 Qh5 36. Qc4+ Kg7 37. Rd7+ Kh6 38. Qc1+ Qg5 39. Qc7 Rg7 40. Rxg7 Qxg7 41. Qd6+ Kh5 42. Qd5+ Qg5 43. Be5 Qc1+ 44. Kh2 Qg5 45. Bg3 Qxd5 46. exd5 Kg6 47. d6 Kf5 48. f3 Ke6 49. Bf2 Rf5 50. Bc5 a5 51. a3 a4 52. g4 Rd5 53. f4 Rd3 54. f5+ Kd7 55. g5 Rxa3 56. g6 hxg6 57. fxg6 Ra2+ 58. Kg3 Re2 59. b5 Re6 60. Kf4 Rxg6 61. Ke5 Rg5+ 62. Kd4 Rg3 63. Kc4 a3 64. Kb4 a2 0-1


[Site "https://www.chess.com"]